 Dungeon Crawl Stone Soup version 0.26-a0-602-gd42a14c23b (webtiles) character file.

Game seed: 315483358546446815

12 Hores the Digger (level 2, -4/15 HPs)
             Began as a Gargoyle Earth Elementalist on Aug 30, 2020.
             Slain by an orc wizard
             ... wielding a +0 scimitar
              (7 damage)
             ... on level 3 of the Dungeon.
             The game lasted 00:02:17 (439 turns).

Hores the Digger (Gargoyle Earth Elementalist)       Turns: 439, Time: 00:02:18

Health: -4/15      AC:  4    Str: 11    XL:     2   Next: 33%
Magic:  0/5        EV: 12    Int: 15    God:
Gold:   21         SH:  0    Dex: 10    Spells: 4/5 levels left

rFire    . . .     SeeInvis .   a - +0 short sword
rCold    . . .     Faith    .   (no shield)
rNeg     + . .     Spirit   .   c - +0 robe
rPois    ∞         Reflect  .   (no helmet)
rElec    +         Harm     .   (no cloak)
rCorr    .                      (no gloves)
MR       .....                  (no boots)
Stlth    ++........             (no amulet)
HPRegen  0.05/turn              (no ring)
MPRegen  0.09/turn              (no ring)

@: no status effects
A: negative energy resistance 1, electricity resistance, unbreathing,
petrification resistance, rot immunity, AC +2
a: no special abilities


You were on level 3 of the Dungeon.
You visited 1 branch of the dungeon, and saw 3 of its levels.

You collected 21 gold pieces.

Inventory:

Hand Weapons
 a - a +0 short sword (weapon)
Missiles
 b - 41 stones (quivered)
Armour
 c - a +0 robe (worn)


   Skills:
 - Level 1.5 Dodging
 - Level 2.1 Stealth
 + Level 2.4 Spellcasting
   Level 0.7 Transmutations
 + Level 4.1 Earth Magic


You had 4 spell levels left.
You knew the following spells:

 Your Spells              Type           Power        Failure   Level
a - Sandblast             Erth           ##....       4%          1

Your spell library contained the following spells:

 Spells                   Type           Power        Failure   Level
 Passwall                 Tmut/Erth      #.......     12%         2
 Stone Arrow              Conj/Erth      #.....       28%         3
 Petrify                  Tmut/Erth      #.......     61%         4
 Lee's Rapid Deconstruct  Erth           ##........   73%         5


Dungeon Overview and Level Annotations

Branches:
Dungeon (3/15)

Altars:


Innate Abilities, Weirdness & Mutations

You are resistant to torment.
Your stone body is resilient. (AC +2)
You are immune to poison.
You resist negative energy. (rN+)
You are resistant to electric shocks. (rElec)
You can survive without breathing.
You are immune to petrification.
You are immune to rotting.


Message History

b - 43 stones The orc wizard barely misses you.
Casting: Sandblast (safe; 4% risk of failure)
Confirm with . or Enter, or press ? or * to list all spells.
Aiming: Sandblast (safe; 4% risk of failure)
Press: ? - help, Shift-Dir - straight line, f/p - orc wizard
Aim: an orc wizard, wielding a +0 scimitar, wearing a +0 robe and wearing an uncursed ring of stealth (heavily wounded, fast)
The blast of sand misses the orc wizard.
b - 42 stones The orc wizard barely misses you.
Casting: Sandblast (safe; 4% risk of failure)
Confirm with . or Enter, or press ? or * to list all spells.
Aiming: Sandblast (safe; 4% risk of failure)
Press: ? - help, Shift-Dir - straight line, f/p - orc wizard
Aim: an orc wizard, wielding a +0 scimitar, wearing a +0 robe and wearing an uncursed ring of stealth (heavily wounded, fast)
The blast of sand hits the orc wizard.
The orc wizard is severely wounded.
b - 41 stones The orc wizard hits you with a +0 scimitar!
You die...

÷.#.###.#....#......#
#.. ....#
#.#....#.####.##.###
#####
#.#.........o......K
.#
..######'####.##....
.# ### #........# ...
# #........# .
#....†...# #####o##.#
#@# .# +..# .# ####
## #.. #...
#...#########
#...........#
#..........#


You could see an orc wizard (fast).

Vanquished Creatures
  An orc (D:3)
  2 bats (D:3)
  A giant cockroach (D:1)
  A goblin (D:3)
  A hobgoblin (D:3)
  A jackal (D:1)
  A frilled lizard (D:3)
  A kobold (D:1)
  A rat (D:3)
10 creatures vanquished.

Notes
Turn   | Place    | Note
-------+----------+-------------------------------------------
     0 | D:1      | Hores the Gargoyle Earth Elementalist began the quest for
                  | the Orb.
     0 | D:1      | Reached XP level 1. HP: 10/10 MP: 3/3
   355 | D:3      | Reached XP level 2. HP: 15/15 MP: 3/5
   369 | D:3      | Reached skill level 4 in Earth Magic
   439 | D:3      | Slain by an orc wizard

Illustrated notes

Levels and vault maps discovered:
D:1:      saegor_arrival_simple_a, layout_rooms
D:2:      layout_rooms, grunt_temple_overflow_open, roderic_roman_lattice
D:3:      cheibrodos_thug_alley, layout_basic, lemuel_doored_altar, uniq_ijyb

Skill      XL: |  1  2 |
---------------+-------+-----
Earth Magic    | 4 |  4.1
Dodging        | |  1.5
Stealth        | |  2.1
Spellcasting   | |  2.4
Transmutations | |  0.7

Action                   || total
-------------------------++-------
Melee: Short sword       ||    20
       Unarmed           ||     2
 Cast: Sandblast         ||    17
  Use: Scroll            ||     1
Armor: Robe              ||    18
Dodge: Dodged            ||    44

Table legend: (Time is in decaauts)
 A = Elapsed time spent in this place.
 B = Non-inter-level travel time spent in this place.
 C = Inter-level travel time spent in this place.
 D = Time resting spent in this place.
 E = Time spent auto-exploring this place.
 F = Levels seen in this place.
 G = Mean time per level.
                   A        B        C        D        E       F      G
               +--------+--------+--------+--------+--------+-----+--------+
         Total |    441 |    441 |      0 |    267 |     39 |   3 |  147.0 |
       Dungeon |    441 |    441 |      0 |    267 |     39 |   3 |  147.0 |
               +--------+--------+--------+--------+--------+-----+--------+

Top non-repeatable levels by time:
     D:3: 355 daAuts
     D:1: 69 daAuts
     D:2: 16 daAuts
